 Dungeon Crawl Stone Soup version 0.27-a0-445-gbe96e517c0 (webtiles) character file.

Game seed: 3420135357585876977

189 Chiseanne the Conjurer (level 5, 10/35 HPs)
             Began as a Demonspawn Wanderer on Feb 27, 2021.
             Quit the game on level 4 of the Dungeon.
             The game lasted 00:05:43 (4343 turns).

Chiseanne the Conjurer (Demonspawn Wanderer)        Turns: 4343, Time: 00:05:44

Health: 10/35      AC:  6    Str: 10    XL:     5   Next: 40%
Magic:  2/10       EV: 11    Int: 17    God:
Gold:   137        SH:  4    Dex: 12    Spells: 5/11 levels left

rFire    . . .     SeeInvis .   a - +0 mace
rCold    . . .     Faith    .   (no shield)
rNeg     + . .     Spirit   .   u - +0 robe {rN+}
rPois    .         Reflect  .   i - +1 helmet
rElec    .         Harm     .   (no cloak)
rCorr    .         Rampage  .   (no gloves)
Will     .....                  (no boots)
Stlth    +.........             (no amulet)
HPRegen  0.11/turn              (no ring)
MPRegen  0.12/turn              (no ring)

@: quite poisoned (10 -> 6)
A: hooves 1, icy blue scales 1, condensation shield
a: no special abilities


You were on level 4 of the Dungeon.
You visited 1 branch of the dungeon, and saw 4 of its levels.

You collected 137 gold pieces.

Inventory:

Hand Weapons
 a - a +0 mace (weapon)
Missiles
 e - 115 stones
 f - 9 arrows
 h - 17 poisoned darts
 j - a throwing net
 k - 21 sling bullets
 p - 13 bolts
Armour
 i - a +1 helmet (worn)
 u - a +0 robe of positive energy (worn)
Scrolls
 d - 3 scrolls of teleportation
 o - a scroll of identify
Potions
 b - 2 potions of lignification
 c - a potion of haste {unknown}
 g - a potion of invisibility
 l - a potion of flight {unknown}
 m - a potion of curing {unknown}
 q - a potion of heal wounds {unknown}
 s - a potion of magic {unknown}


   Skills:
 - Level 1.0 Stealth
 * Level 3.9 Spellcasting
 * Level 4.8 Conjurations
 - Level 1.0 Hexes
 - Level 2.1 Necromancy
 - Level 1.0 Evocations


You had 5 spell levels left.
You knew the following spells:

 Your Spells              Type           Power        Failure   Level
a - Magic Dart            Conj           76%          2%          1
b - Blink                 Tloc           N/A          24%         2
d - Mephitic Cloud        Conj/Pois/Air  8%           24%         3

Your spell library contained the following spells:

 Spells                   Type           Power        Failure   Level
 Slow                     Hex            6%           16%         2
 Conjure Flame            Conj/Fire      11%          17%         3
 Call Imp                 Summ           3%           24%         2


Dungeon Overview and Level Annotations

Branches:
Dungeon (4/15)
 Temple: D:4-7

Altars:
Cheibriados
Gozag

Annotations:
D:3 Grinder


Innate Abilities, Weirdness & Mutations

You have large cloven feet.
You are partially covered in icy blue scales. (AC +2)
A meltable shield of frost defends you. (SH +4)


Message History

Aim: a scorpion (moderately wounded, 0% to evade)
The magic dart hits the scorpion but does no damage.
The scorpion is moderately wounded.
You feel sick.
The scorpion stings you but does no damage.
Casting: Magic Dart (safe; 2% risk of failure)
Confirm with . or Enter, or press ? or * to list all spells.
Aiming: Magic Dart (safe; 2% risk of failure)
Press: ? - help, Shift-Dir - straight line, f/p - scorpion
Aim: a scorpion (moderately wounded, 0% to evade)
The magic dart hits the scorpion.
The scorpion is moderately wounded.
You feel sick.
The scorpion stings you but does no damage.
You hit the scorpion.
The scorpion is heavily wounded.
You feel sick.
The scorpion stings you but does no damage.
You hit the scorpion.
The scorpion is severely wounded.
You feel sick. The scorpion stings you!
You hit the scorpion.
The scorpion is almost dead.
You feel sick. The scorpion stings you. The scorpion misses you.
You barely miss the scorpion.
The scorpion is almost dead.
You feel sick. You block the scorpion's attack.
You hit the scorpion.
You kill the scorpion!
You feel sick.
j - a throwing net You see here a scorpion corpse.
You feel sick.
You feel sick.
A hound comes into view.
The hound barks!
Are you sure you want to abandon this character and quit the game? (Confirm with "yes".)
Okay, then.
You swing at nothing.
You feel sick.
Are you sure you want to abandon this character and quit the game? (Confirm with "yes".)

#####....##..#..#.#
.......#####.####.#####
.............###......#
...#..##.#....#.......#
.#########........#
#......##†.#
....)....###.##
..##....##.#.# .
##.......@# #........#
#......... #..........
.......###. .##.... #.
##... .. .... ..


There were no monsters in sight!

Vanquished Creatures
  A scorpion (D:4)
  5 adders
  A shadow imp (D:3)
  2 worms (D:2)
  2 dart slugs
  A leopard gecko (D:2)
  6 orcs
  9 bats
  6 giant cockroaches
  5 hobgoblins
  12 jackals
  2 quokkas
  3 frilled lizards (D:1)
  7 goblins
  6 kobolds
  4 rats
72 creatures vanquished.

Notes
Turn   | Place    | Note
-------+----------+-------------------------------------------
     0 | D:1      | Chiseanne the Demonspawn Wanderer began the quest for the
                  | Orb.
     0 | D:1      | Chiseanne set off with the following items: a +0 dagger, a
                  | potion of lignification, a +0 robe; and the following spell
                  | memorised: Magic Dart; and the following spells available
                  | to memorise: Slow, Blink, Call Imp, Conjure Flame, Mephitic
                  | Cloud
     0 | D:1      | Reached XP level 1. HP: 13/13 MP: 3/3
   337 | D:1      | Gained mutation: A meltable shield of frost defends you.
                  | (SH +4) [demonic ancestry]
   337 | D:1      | Reached XP level 2. HP: 19/19 MP: 0/5
  1680 | D:2      | Gained mutation: You are partially covered in icy blue
                  | scales. (AC +2) [demonic ancestry]
  1680 | D:2      | Reached XP level 3. HP: 24/24 MP: 0/7
  1748 | D:2      | Found a snail-covered altar of Cheibriados.
  2167 | D:2      | Reached skill level 4 in Conjurations
  2602 | D:2      | Reached XP level 4. HP: 21/30 MP: 0/8
  2835 | D:3      | Learned a level 2 spell: Blink
  2839 | D:3      | Learned a level 3 spell: Mephitic Cloud
  3038 | D:3      | Found an opulent altar of Gozag.
  3106 | D:3      | Noticed Grinder
  4270 | D:4      | Gained mutation: You have large cloven feet. [demonic
                  | ancestry]
  4270 | D:4      | Reached XP level 5. HP: 35/35 MP: 6/10
  4343 | D:4      | Quit the game

Illustrated notes

Levels and vault maps discovered:
D:1:      evilmike_arrival_rings, layout_loops_ring, minmay_tripent
D:2:      layout_basic, kennysheep_slug_shrine, grunt_decor_resistance
D:3:      layout_loops_corners, minivault_11,
          nicolae_gozag_cash_rules_everything_around_me, uniq_grinder
D:4:      minmay_wonky_spiral, layout_cave_pools, zin_purify, uniq_ijyb,
          uniq_eustachio

Skill      XL: |  1  2  3 |
---------------+----------+-----
Spellcasting   | 3 |  3.9
Conjurations   | 4 |  4.8
Stealth        | |  1.0
Hexes          | |  1.0
Necromancy     | |  2.1
Evocations     | |  1.0

Action                   |  1- 3 |  4- 6 || total
-------------------------+-------+-------++-------
Melee: Dagger            |     5 |       ||     5
       Spear             |     1 |       ||     1
       Mace              |     5 |    26 ||    31
 Cast: Magic Dart        |    88 |    87 ||   175
  Use: Scroll            |     2 |     4 ||     6
Armor: Robe              |     9 |    27 ||    36
Dodge: Dodged            |    25 |    44 ||    69
Block: Other             |     7 |    13 ||    20

Table legend: (Time is in decaauts)
 A = Elapsed time spent in this place.
 B = Non-inter-level travel time spent in this place.
 C = Inter-level travel time spent in this place.
 D = Time resting spent in this place.
 E = Time spent auto-exploring this place.
 F = Levels seen in this place.
 G = Mean time per level.
                   A        B        C        D        E       F      G
               +--------+--------+--------+--------+--------+-----+--------+
         Total |   4361 |   4219 |    142 |   1496 |   2270 |   4 | 1090.2 |
       Dungeon |   4361 |   4219 |    142 |   1496 |   2270 |   4 | 1090.2 |
               +--------+--------+--------+--------+--------+-----+--------+

Top non-repeatable levels by time:
     D:3: 1504 daAuts
     D:1: 1419 daAuts
     D:2: 1339 daAuts
     D:4: 98 daAuts
